 Dungeon Crawl Stone Soup version 0.24-a0-516-g9de272bb65 (webtiles) character file.

Game seed: 16565155191695471833

8248 Azzok the Destroyer (level 11, -4/68 HPs)
             Began as a Demonspawn Fire Elementalist on July 21, 2019.
             Was a Believer of Vehumet.
             Slain by a crocodile (17 damage)
             ... on level 9 of the Dungeon.
             The game lasted 00:16:48 (10779 turns).

Azzok the Destroyer (Demonspawn Fire Elementalist) Turns: 10779, Time: 00:16:49

Health: -4/68      AC: 10    Str: 14    XL:     11   Next: 7%
Magic:  14/24      EV: 15    Int: 20    God:    Vehumet [**....]
Gold:   848        SH:  0    Dex: 13    Spells: 15/28 levels left

rFire    . . .     SeeInvis +   w - +4 quarterstaff (chaos)
rCold    . . .     Gourm    .   (shield currently unavailable)
rNeg     . . .     Faith    .   a - +0 robe
rPois    .         Spirit   .   h - +0 helmet
rElec    .         Reflect  .   x - +0 cloak
rCorr    .         Harm     .   (no gloves)
MR       .....                  y - +2 pair of boots
Stlth    ++........             q - amulet of magic regeneration
HPRegen  0.21/turn              p - +3 ring of evasion
MPRegen  0.44/turn              B - ring of see invisible

@: mighty
A: claws 1, molten scales 2, powered by pain 1
a: Renounce Religion


You were on level 9 of the Dungeon.
You worshipped Vehumet.
Vehumet was pleased with you.
You were very hungry.

You visited 2 branches of the dungeon, and saw 10 of its levels.

You collected 848 gold pieces.

Inventory:

Hand Weapons
 v - a +0 mace of crushing
 w - a +4 quarterstaff of chaos (weapon)
 A - a cursed -2 morningstar
 J - a +2 whip of electrocution
Armour
 a - a +0 robe (worn)
 h - a +0 helmet (worn)
 x - a +0 cloak (worn)
 y - a +2 pair of boots (worn)
Jewellery
 p - a +3 ring of evasion (left claw)
 q - an amulet of magic regeneration (around neck)
 B - a ring of see invisible (right claw)
 M - a +2 ring of slaying {unknown}
Wands
 E - a wand of random effects (53)
 P - a wand of digging (5)
Scrolls
 e - a scroll of enchant armour {unknown}
 g - 8 scrolls of identify {unknown}
 i - 3 scrolls of amnesia {unknown}
 k - 8 scrolls of remove curse {unknown}
 l - 5 scrolls of teleportation {unknown}
 o - a scroll of magic mapping {unknown}
 r - 4 scrolls of blinking {unknown}
 C - 2 scrolls of summoning {unknown}
 F - a scroll of holy word {unknown}
 H - 2 scrolls of enchant weapon {unknown}
 I - a scroll of immolation {unknown}
 O - a scroll of noise {unknown}
Potions
 b - 3 potions of ambrosia {unknown}
 d - 2 potions of might {unknown}
 f - a potion of flight {unknown}
 j - a potion of cancellation {unknown}
 m - 3 potions of mutation {unknown}
 n - 6 potions of curing {unknown}
 s - a potion of haste {unknown}
 t - a potion of agility {unknown}
 u - 2 potions of magic {unknown}
 z - a potion of lignification {unknown}
 D - 2 potions of degeneration {unknown}
 G - a potion of berserk rage {unknown}
 L - 2 potions of brilliance {unknown}
 N - a potion of heal wounds {unknown}
Comestibles
 c - 17 rations


   Skills:
 - Level 1.7 Dodging
 - Level 1.7 Stealth
 + Level 9.3 Spellcasting
 + Level 10.0 Conjurations
 + Level 9.5 Fire Magic
 + Level 0.8 Evocations


You had 15 spell levels left.
You knew the following spells:

 Your Spells              Type           Power        Failure   Level  Hunger
a - Flame Tongue          Conj/Fire      #####        1%          1    None
b - Conjure Flame         Conj/Fire      #####...     1%          3    None
c - Sticky Flame          Conj/Fire      #####...     1%          4    ###....
d - Fireball              Conj/Fire      #####.....   3%          5    #####..

Your spell library contained the following spells:

 Spells                   Type           Power        Failure   Level  Hunger
 Ignite Poison            Fire/Tmut/Pois ###.....     6%          3    None
 Magic Dart               Conj           ####         1%          1    None
 Throw Flame              Conj/Fire      #####.       1%          2    None
 Inner Flame              Hex/Fire       ####....     3%          3    None
 Mephitic Cloud           Conj/Pois/Air  ###.....     5%          3    None
 Animate Skeleton         Necr           N/A          8%          1    None
 Apportation              Tloc           #.....       8%          1    None
 Confusing Touch          Hex            #.....       8%          1    None
 Infusion                 Chrm           #...         8%          1    None
 Summon Small Mammal      Summ           #...         8%          1    None
 Blink                    Tloc           N/A          11%         2    None
 Call Imp                 Summ           #.......     11%         2    None
 Shroud of Golubria       Chrm/Tloc      #.....       11%         2    None
 Slow                     Hex            #.......     11%         2    None
 Song of Slaying          Chrm           #.......     11%         2    None
 Regeneration             Chrm/Necr      #.........   22%         3    None
 Spectral Weapon          Hex/Chrm       #.......     22%         3    None


Dungeon Overview and Level Annotations

Branches:
Dungeon (9/15)             Temple (1/1) D:6             Orc (0/2) D:9
   Lair: D:8-11

Altars:
Ashenzari
Cheibriados
Dithmenos
Elyvilon
Fedhas
Gozag
Hepliaklqana
Kikubaaqudgha
Makhleb
Nemelex Xobeh
Okawaru
Qazlal
Ru
Sif Muna
Trog
Uskayaw
Vehumet
Wu Jian
Xom
Yredelemnul
Zin
The Shining One
Beogh

Shops:
D:5 =*   D:7 [

Annotations:
D:4 1 runed translucent door, Killmatronix's ghost, amateur KoHu
D:6 2 runed translucent doors, confidenceinterval's ghost, novice DsWn
D:8 2 transporters, p0werm0de's ghost, novice OpGl


Innate Abilities, Weirdness & Mutations

You have sharp fingernails.
You are mostly covered in molten scales. (AC +3)
You sometimes gain a little power by taking damage.


Message History

The harpy closely misses you. The harpy claws you! The crocodile bites you!
* * * LOW HITPOINT WARNING * * *
The harpy burns!
The crocodile closely misses you.
The harpy burns!
The harpy claws you!
* * * LOW HITPOINT WARNING * * *
You focus on the pain.
You feel very mighty all of a sudden. The harpy misses you.
Casting: Sticky Flame (safe; 1% risk of failure)
Confirm with . or Enter, or press ? or * to list all spells.
Aiming: Fireball (safe; 3% risk of failure)
Press: ? - help, Shift-Dir - straight line, p - harpy The fireball explodes!
The fireball engulfs the crocodile!
The crocodile is moderately wounded.
The fireball engulfs the harpy!!
You kill the harpy!
Vehumet accepts your kill.
Your Conjurations skill increases to level 10!
The crocodile bites you!
You die...

·········▒▒▒·······▒·······▒▒▒·▒▒
······▒····················▒·▒·▒▒
·················▒·▒▒····▒·▒▒·▒·▒
▒▒▒····▒····<···········▒▒·▒·▒·▒▒
▒▒▒▒·▒··▒··············▒·▒▒·▒·▒
·▒·······>·············▒·▒ ▒▒
····>··········▒·······▒▒
···▒▒▒··················▒
·▒▒·········@··▒▒·······▒ ·
▒▒▒▒▒▒····t···········▒▒▒▒·
▒·····················
▒▒▒····················
▒······▒▒▒············· ▒▒▒▒▒▒▒
▒▒·▒▒▒▒▒▒ ▒······)······
······▒▒▒▒··▒ ▒···>·········
······▒▒···▒▒▒▒▒ ▒·····))······
···············▒ ▒▒8·)·8▒▒·····


You could see a crocodile.

Vanquished Creatures
  A harpy (D:9)
  Pikel (D:5)
  A manticore (D:7)
  Joseph (D:8)
  A gargoyle (D:9)
  2 hornets (D:9)
  2 hippogriffs
  6 yaks (D:6)
  A hungry ghost (D:7)
  Grum (D:8)
  Menkaure (D:5)
  A soldier ant (D:9)
  A water moccasin (D:7)
  2 sky beasts
  2 orc warriors (D:7)
  A black bear (D:8)
  2 ice beasts (D:8)
  4 wolves (D:8)
  2 phantoms (D:5)
  5 ogres
  6 centaurs
  A big kobold (D:8)
  Blork the orc (D:6)
  2 bullfrogs (D:7)
  4 scorpions
  A wyvern skeleton (D:6)
  4 wights (D:7)
  3 crimson imps
  A bullfrog zombie (D:6)
  5 hounds
  8 orc priests
  A gnoll shaman (D:7)
  2 bullfrog skeletons
  Crazy Yiuf (D:3)
  2 centaur skeletons
  Ijyb (D:4)
  Natasha (twice) (D:3)
  Terence (D:3)
  3 iguanas
  3 orc wizards
  10 worker ants
  A hound skeleton (D:9)
  Robin (D:4)
  2 howler monkey skeletons
  A howler monkey zombie (D:6)
  3 gnolls (D:7)
  5 adders
  2 shadow imps
  An ooze (D:1)
  2 adder zombies
  An adder skeleton (D:7)
  A worm (D:2)
  2 dart slugs
  3 leopard geckos
  24 orcs
  5 giant cockroaches
  13 goblins
  9 hobgoblins
  10 jackals
  7 quokkas
  3 ball pythons
  A ball python zombie (D:5)
  3 bats
  5 frilled lizards
  9 kobolds
  A leopard gecko skeleton (D:6)
  6 rats
  A fungus (D:3)
222 creatures vanquished.

Vanquished Creatures (others)
  A hound skeleton (D:5)
  An adder (D:5)
  A ball python (D:5)
  2 withered plants (D:4)
5 creatures vanquished.

Grand Total: 227 creatures vanquished

Notes
Turn   | Place    | Note
-------+----------+-------------------------------------------
     0 | D:1      | Azzok the Demonspawn Fire Elementalist began the quest for
                  | the Orb.
     0 | D:1      | Reached XP level 1. HP: 13/13 MP: 3/3
   352 | D:1      | Gained mutation: You have sharp fingernails. [demonic
                  | ancestry]
   352 | D:1      | Reached XP level 2. HP: 19/19 MP: 3/5
  1238 | D:2      | Found a sparkling altar of Nemelex Xobeh.
  1300 | D:2      | Gained mutation: You sometimes gain a little power by
                  | taking damage. [demonic ancestry]
  1300 | D:2      | Reached XP level 3. HP: 24/24 MP: 4/6
  1313 | D:2      | Learned a level 3 spell: Conjure Flame
  1488 | D:2      | Reached skill level 2 in Conjurations
  1875 | D:3      | Noticed Terence
  1918 | D:3      | Killed Terence
  1918 | D:3      | Reached XP level 4. HP: 19/30 MP: 3/8
  2377 | D:3      | Noticed Natasha
  2382 | D:3      | Killed Natasha
  2388 | D:3      | Learned a level 4 spell: Sticky Flame
  2497 | D:3      | Found a sacrificial altar of Ru.
  2610 | D:3      | Noticed Natasha
  2616 | D:3      | Killed Natasha
  2616 | D:3      | Reached XP level 5. HP: 35/35 MP: 2/9
  2715 | D:3      | Found a runed translucent door.
  2716 | D:3      | Noticed Crazy Yiuf
  2723 | D:3      | Killed Crazy Yiuf
  2723 | D:3      | Reached skill level 3 in Conjurations
  3257 | D:4      | Noticed Robin
  3275 | D:4      | Killed Robin
  3480 | D:4      | Found a runed translucent door.
  3480 | D:4      | Noticed Killmatronix's ghost (amateur KoHu)
  3841 | D:4      | Noticed an ogre
  3848 | D:4      | Killed an ogre
  3848 | D:4      | Reached XP level 6. HP: 41/41 MP: 4/11
  3878 | D:4      | Found a shimmering altar of Xom.
  4019 | D:5      | Entered Level 5 of the Dungeon
  4020 | D:5      | Noticed Ijyb
  4038 | D:4      | Killed Ijyb
  4076 | D:5      | Found a blossoming altar of Fedhas.
  4212 | D:5      | Found Orilol's Jewellery Emporium.
  4222 | D:5      | Reached skill level 4 in Conjurations
  4276 | D:5      | Noticed a slave
  4277 | D:5      | Noticed Pikel
  4277 | D:5      | Noticed a slave
  4277 | D:5      | Noticed a slave
  4296 | D:5      | Noticed a slave
  4298 | D:5      | Killed Pikel
  4298 | D:5      | Reached skill level 5 in Spellcasting
  4298 | D:5      | Reached skill level 5 in Conjurations
  4298 | D:5      | Reached skill level 5 in Fire Magic
  4298 | D:5      | Gained mutation: You are partially covered in molten
                  | scales. (AC +2) [demonic ancestry]
  4298 | D:5      | Reached XP level 7. HP: 46/46 MP: 2/14
  4604 | D:5      | Reached XP level 8. HP: 49/52 MP: 10/15
  4611 | D:5      | Learned a level 5 spell: Fireball
  4708 | D:5      | Found a shimmering altar of Xom.
  4739 | D:5      | Noticed Menkaure
  4908 | D:5      | Killed Menkaure
  5084 | D:5      | Reached skill level 6 in Conjurations
  5129 | D:5      | Found Etwaxoz's Serpentskin Sales.
  5378 | D:6      | Found a staircase to the Ecumenical Temple.
  5383 | Temple   | Entered the Ecumenical Temple
  5504 | D:6      | Reached XP level 9. HP: 38/57 MP: 8/18
  5513 | D:6      | Reached skill level 7 in Conjurations
  5759 | D:6      | Noticed Blork the orc
  5761 | D:6      | Killed Blork the orc
  5885 | D:6      | Found a large runed translucent door.
  5887 | D:6      | Found a large runed translucent door.
  5889 | D:6      | Noticed confidenceinterval's ghost (novice DsWn)
  6037 | D:6      | Found a radiant altar of Vehumet.
  6051 | D:6      | Became a worshipper of Vehumet
  6679 | D:7      | Found an ornate altar of the Wu Jian Council.
  6682 | D:7      | Found a shadowy altar of Dithmenos.
  6685 | D:7      | Found a stormy altar of Qazlal.
  6832 | D:7      | Reached skill level 8 in Conjurations
  7117 | D:7      | Found Ziagaa's Antique Armour Boutique.
  7186 | D:7      | Reached XP level 10. HP: 63/63 MP: 8/21
  7261 | D:7      | Noticed a manticore
  7265 | D:7      | Killed a manticore
  7489 | D:7      | Reached * piety under Vehumet
  7489 | D:7      | Offered knowledge of Sting by Vehumet.
  8436 | D:8      | Reached skill level 9 in Conjurations
  8447 | D:8      | Noticed Grum
  8712 | D:8      | Killed Grum
  8948 | D:8      | Found an ancient bone altar of Kikubaaqudgha.
  9127 | D:8      | Found a basalt altar of Yredelemnul.
  9136 | D:8      | Reached ** piety under Vehumet
  9136 | D:8      | Offered knowledge of Sandblast by Vehumet.
  9413 | D:8      | Identified the +6 great mace "Ogaposma" {distort, rElec rF-
                  | MR++ Stlth+}
  9415 | D:8      | Identified the cursed +3 halberd "Tont" {holy, rN+++ Int+9
                  | Dex-3}
  9415 | D:8      | Noticed a tengu warrior
  9421 | D:8      | Noticed a moth of wrath
  9435 | D:8      | Found a transporter.
  9435 | D:8      | Noticed p0werm0de's ghost (novice OpGl)
  9436 | D:8      | Found a bloodstained altar of Trog.
  9443 | D:8      | Found a transporter.
  9469 | D:8      | Noticed Joseph
  9608 | D:8      | Killed Joseph
  9907 | D:9      | Found a staircase to the Orcish Mines.
  9971 | D:9      | Found a roughly hewn altar of Beogh.
 10520 | D:9      | Found a hazy altar of Hepliaklqana.
 10582 | D:9      | Found an opulent altar of Gozag.
 10584 | D:9      | Offered knowledge of Ignite Poison by Vehumet.
 10585 | D:9      | Found a hide-covered altar of Uskayaw.
 10585 | D:9      | Noticed a phantasmal warrior
 10586 | D:9      | Noticed a gargoyle
 10590 | D:9      | Killed a gargoyle
 10590 | D:9      | Gained mutation: You are mostly covered in molten scales.
                  | (AC +3) [demonic ancestry]
 10590 | D:9      | Reached XP level 11. HP: 38/68 MP: 10/24
 10754 | D:9      | Noticed a harpy
 10779 | D:9      | Killed a harpy
 10779 | D:9      | Reached skill level 10 in Conjurations
 10779 | D:9      | Slain by a crocodile

Levels and vault maps discovered:
D:1:      tarquinn_simple_flora_water_b, layout_loops_ring
D:2:      layout_loops_ring, old_standard_altar
D:3:      layout_basic, nicolae_ru_the_path_less_chosen,
          uniq_crazy_yiuf_cottage, uniq_natasha, uniq_terence
D:4:      layout_basic, xom_teletrap_fun, gammafunk_ghost_grave, first_ration,
          uniq_robin
D:5:      layout_rooms, lemuel_round_altar, serial_shops, shop, basic_altar,
          serial_corexii_hall, chequers_hall_statues_wall_a,
          chequers_hall_statues_y, corexii_hall_statues_i,
          corexii_hall_statues_s, guppyfry_shop_venom, uniq_pikel, uniq_ijyb,
          uniq_menkaure
D:6:      layout_rooms, lemuel_doored_altar, temple_doors_e,
          ebering_ghost_disaster_area, hangedman_decor_lopped, chequers_jeans,
          kennysheep_pointless_box, uniq_blork_the_orc
D:7:      layout_basic, grunt_temple_overflow_diamond, serial_shops,
          nicolae_shop_waterfront
D:8:      layout_loops_ring, kennysheep_little_box, basic_altar,
          gammafunk_ghost_wrathful_warriors, uniq_joseph, uniq_grum
D:9:      layout_rooms, kennysheep_mini_moat, minmay_orc_entry_temple_small,
          hangedman_pestilent_swarm, jmf_multi_god_temple
Temple:   minmay_temple_bridge_abc

Skill      XL: |  1  2  3  4  5  6  7  8  9 10 11 |
---------------+----------------------------------+-----
Fire Magic     | 3 4 5 6 8 9 |  9.5
Conjurations   | 2 3 5 6 8 9 10 | 10.0
Spellcasting   | 3 5 6 7 9 |  9.3
Dodging        | |  1.7
Stealth        | |  1.7
Evocations     | |  0.8

Action                   |  1- 3 |  4- 6 |  7- 9 | 10-12 || total
-------------------------+-------+-------+-------+-------++-------
Melee: Mace              |       |    14 |       |       ||    14
       Unarmed           |       |     4 |       |       ||     4
       Quarterstaff      |       |     9 |    17 |     7 ||    33
 Cast: Flame Tongue      |    72 |   106 |   114 |    61 ||   353
       Sticky Flame      |       |     4 |    19 |    23 ||    46
       Conjure Flame     |       |     1 |     3 |     1 ||     5
       Fireball          |       |       |    29 |    51 ||    80
  Eat: Chunk             |     3 |    10 |    13 |    21 ||    47
       Ration            |       |       |     2 |     1 ||     3
Armor: Robe              |     1 |     8 |    11 |    15 ||    35
Dodge: Dodged            |    19 |    47 |    42 |    57 ||   165

Table legend:
 A = Non-vault XP
 B = Vault XP
 C = Vault XP percentage of total XP
 D = Non-vault monster count
 E = Vault monster count
 F = Vault count percentage of total count
                 A         B        C        D         E       F
            +---------+---------+-------+---------+---------+-------
      Total |    7680 |    4104 |  34.8 |     184 |      37 |  16.7
            +---------+---------+-------+---------+---------+-------
        D:1 |      34 |       0 |   0.0 |      15 |       0 |   0.0
        D:2 |      27 |       0 |   0.0 |      15 |       0 |   0.0
        D:3 |      90 |     111 |  55.2 |      23 |       3 |  11.5
        D:4 |     159 |      73 |  31.5 |       5 |      13 |  72.2
        D:5 |     742 |     772 |  51.0 |      20 |       2 |   9.1
        D:6 |    1918 |      96 |   4.8 |      23 |       1 |   4.2
        D:7 |    2892 |       0 |   0.0 |      45 |       0 |   0.0
        D:8 |    1509 |    1123 |  42.7 |      28 |       6 |  17.6
        D:9 |     309 |    1929 |  86.2 |      10 |      12 |  54.5
            +---------+---------+-------+---------+---------+-------
